 Dungeon Crawl Stone Soup version 0.31.0-12-g77e489cdc1 (webtiles) character file.

Game seed: 6352873132793243251

1364 Arctor the Magician (level 8, -1/41 HPs)
             Began as a Deep Elf Fire Elementalist on Feb 12, 2024.
             Slain by a yak (7 damage)
             ... on level 5 of the Dungeon.
             The game lasted 00:05:23 (5400 turns).

Arctor the Magician (Deep Elf Fire Elementalist)    Turns: 5400, Time: 00:05:24

Health: -1/41      AC:  4    Str:  5    XL:     8   Next: 38%
Magic:  9/29       EV: 16    Int: 23    God:
Gold:   180        SH:  0    Dex: 21    Spells: 13/20 levels left

rFire   . . .        j - +0 dagger (protect)
rCold   . . .        (no shield)
rNeg    . . .        a - +0 robe
rPois   .            (no helmet)
rElec   .            n - +1 cloak
rCorr   .            (no gloves)
SInv    .            (no boots)
Will    +....        (no amulet)
Stlth   ++++         i - +6 ring of dexterity
HPRegen 0.26/turn    f - ring of magical power
MPRegen 0.21/turn

%: no passive effects
@: enlightened, flying, very slightly contaminated
A: no striking features
a: no special abilities


You were on level 5 of the Dungeon.
You visited 1 branch of the dungeon, and saw 5 of its levels.

You collected 180 gold pieces.

Inventory:

Hand Weapons
 j - a +0 dagger of protection (weapon)
Armour
 a - a +0 robe (worn)
 l - an orb of guile
 n - a +1 cloak (worn)
Jewellery
 f - a ring of magical power (right hand)
 i - a +6 ring of dexterity (left hand)
Wands
 s - a wand of polymorph (21)
Scrolls
 c - 2 scrolls of enchant armour
 d - 2 scrolls of immolation
 e - a scroll of identify
 m - 4 scrolls of teleportation
 o - a scroll of revelation
 r - a scroll of fear
 t - a scroll of poison {unknown}
Potions
 b - a potion of magic
 g - a potion of berserk rage
 h - 2 potions of attraction
 k - a potion of enlightenment
 p - a potion of haste
 q - 2 potions of might
 u - a potion of heal wounds {unknown}
 v - 2 potions of curing {unknown}


   Skills:
 + Level 6.0 Dodging
 + Level 6.4 Stealth
 + Level 6.7 Spellcasting
 + Level 5.0 Conjurations
 + Level 6.0 Fire Magic


You had 13 spell levels left.
You knew the following spells:

 Your Spells              Type           Power      Damage    Failure   Level
a - Foxfire               Conj/Fire      100%       2x1d9     1%          1
b - Scorch                Fire           70%        2d7       1%          2
c - Flame Wave            Conj/Fire      33%        2d10      9%          4

Your spell library contained the following spells:

 Spells                   Type           Power      Damage    Failure   Level
 Inner Flame              Hex/Fire       21%        N/A       7%          3
 Volatile Blastmotes      Fire/Tloc      42%        2d13      7%          3
 Mercury Vapours          Alch/Air       14%        N/A       12%         2
 Mephitic Cloud           Conj/Alch/Air  15%        N/A       12%         3
 Freezing Cloud           Conj/Ice/Air   7%         6-21      73%         5


Dungeon Overview and Level Annotations

Branches:
Dungeon (5/15)
 Temple: D:4-7

Altars:

Shops:
D:3 (


Message History

Press: ? - help, Dir - look around, f - activate You miscast Flame Wave.
You are very lightly contaminated with residual magic.
Nothing appears to happen.
The yak gores you!
Unknown command.
Casting: Flame Wave (quite dangerous; 9% risk of failure)
Confirm with . or Enter, or press ? or * to list all spells.
Okay, then.
Casting: Flame Wave (quite dangerous; 9% risk of failure)
Confirm with . or Enter, or press ? or * to list all spells.
Casting: Flame Wave (quite dangerous; 9% risk of failure)
Press: ? - help, Dir - look around, f - activate A wave of flame ripples out!
The flame wave engulfs the yak!!
The yak is burned terribly!
The yak is almost dead. (Press . to intensify the flame waves.)
The yak gores you!
A wave of flame ripples out!
The flame wave engulfs the yak.
The yak is burned terribly!
You kill the yak!
The flame wave engulfs the yak.
The yak is lightly wounded.
Your Dodging skill increases to level 6!
Your Conjurations skill increases to level 5!
Your Fire Magic skill increases to level 6!
A wave of flame ripples out!
The flame wave engulfs the yak.
The yak is moderately wounded.
You finish channelling waves of flame.
The yak gores you but does no damage. The yak gores you!
* * * LOW HITPOINT WARNING * * *
The yak misses you. The yak attacks as it pursues you! The yak gores you.
* * * LOW HITPOINT WARNING * * *
Casting: Flame Wave (quite dangerous; 9% risk of failure)
Confirm with . or Enter, or press ? or * to list all spells.
Okay, then.
It was a potion of enlightenment.
You feel very buoyant.
You fly up into the air.
The yak gores you!
You die...

### ##.# .#.#####
.#.....#
.#.###.###########
.#.#.............#
.#.#.#.#########Y#
P..#.#.# #@#
...#.#.# #.#
.P>#)#.# #.#
...#.#.# ###.#
.#.#.#.# #..<#
.#.#.#.# #####
.#.# #.# .#.# .#.#


You could see a yak.

Vanquished Creatures
  Grinder (D:4)
  2 yaks (D:5)
  An ice beast (D:5)
  3 ogres (D:4)
  A centaur (D:5)
  A phantom (D:5)
  A hound (D:5)
  2 iguanas
  Natasha (thrice) (D:4)
  An orc wizard (D:3)
  2 hound skeletons (D:5)
  7 adders
  An adder zombie (D:5)
  3 dart slugs (D:2)
  10 orcs
  5 ball pythons
  7 endoplasms
  4 giant cockroaches
  4 goblins
  7 hobgoblins
  3 jackals (D:2)
  A quokka (D:3)
  8 bats
  5 frilled lizards (D:2)
  3 kobolds
  4 rats
90 creatures vanquished.

Vanquished Creatures (collateral kills)
  A foxfire (D:1)
1 creature vanquished.

Vanquished Creatures (others)
  569 foxfires
569 creatures vanquished.

Grand Total: 660 creatures vanquished

Notes
Turn   | Place    | Note
-------+----------+-------------------------------------------
     0 | D:1      | Arctor the Deep Elf Fire Elementalist began the quest for
                  | the Orb.
     0 | D:1      | Reached XP level 1. HP: 10/10 MP: 6/6
   454 | D:1      | Reached XP level 2. HP: 14/15 MP: 1/8
   528 | D:1      | Learned a level 2 spell: Scorch
  1862 | D:2      | Reached XP level 3. HP: 19/19 MP: 6/9
  2645 | D:3      | Reached XP level 4. HP: 24/24 MP: 8/11
  3143 | D:3      | Learned a level 4 spell: Flame Wave
  3384 | D:3      | Found Sucus's Antique Weapon Boutique.
  3781 | D:4      | Reached XP level 5. HP: 28/28 MP: 13/13
  3817 | D:4      | Noticed Grinder
  3865 | D:4      | Killed Grinder
  3866 | D:4      | Reached XP level 6. HP: 32/32 MP: 13/15
  3904 | D:4      | Reached skill level 5 in Spellcasting
  4152 | D:4      | Noticed Natasha
  4159 | D:4      | Killed Natasha
  4280 | D:4      | Noticed Natasha
  4285 | D:4      | Killed Natasha
  4485 | D:4      | Reached skill level 5 in Stealth
  4485 | D:4      | Reached XP level 7. HP: 36/36 MP: 17/17
  4545 | D:4      | Reached skill level 5 in Fire Magic
  4657 | D:4      | Reached skill level 5 in Dodging
  4702 | D:4      | Noticed Natasha
  4708 | D:4      | Killed Natasha
  4958 | D:5      | Entered Level 5 of the Dungeon
  5317 | D:5      | Noticed a yak
  5325 | D:5      | Noticed a yak
  5326 | D:5      | Reached XP level 8. HP: 41/41 MP: 19/19
  5394 | D:5      | Reached skill level 5 in Conjurations
  5400 | D:5      | Slain by a yak

Illustrated notes

Levels and vault maps discovered:
D:1:      spicycebolla_arrival_ecumenical, layout_basic
D:2:      layout_loops_ring, minmay_tetromino_o4
D:3:      layout_basic, serial_shops, nicolae_shop_statue_plus,
          grunt_ministairs_9, minmay_strange_pillars
D:4:      layout_cave_pools, uniq_grinder, uniq_natasha
D:5:      layout_basic, kennysheep_vampire_church, overflow_temple_1_default,
          mainiacjoe_overflow_alcove_2, minmay_temple_entry_fiery,
          serial_undead, serial_undead_b, serial_undead_c, serial_undead_b,
          serial_undead_c

Skill      XL: |  1  2  3  4  5  6  7  8 |
---------------+-------------------------+-----
Stealth        | 3 4 5 6 |  6.4
Dodging        | 3 4 5 6 |  6.0
Conjurations   | 2 3 4 5 |  5.0
Spellcasting   | 4 5 6 |  6.7
Fire Magic     | 4 5 6 |  6.0

Action                     |  1- 3 |  4- 6 |  7- 9 || total
---------------------------+-------+-------+-------++-------
  Melee: Dagger            |     4 |       |       ||     4
   Cast: Foxfire           |   133 |   160 |    57 ||   350
         Scorch            |     7 |     6 |    23 ||    36
         Flame Wave        |       |       |     1 ||     1
    Use: Potion            |     3 |       |     1 ||     4
         Scroll            |       |     8 |       ||     8
 Armour: Robe              |    18 |     1 |    16 ||    35
  Dodge: Dodged            |    37 |     7 |    19 ||    63
